 Dungeon Crawl Stone Soup version 0.31-a0-1068-g5939ac1fb6 (webtiles) character file.

Game seed: 13481656407928973570

88 Descartes the Digger (level 4, -3/30 HPs)
             Began as a Formicid Earth Elementalist on Nov 25, 2023.
             Killed from afar by Ijyb (18 damage)
             ... with a bolt of dispelling energy
             ... on level 3 of the Dungeon.
             The game lasted 00:03:20 (1957 turns).

Descartes the Digger (Formicid Earth Elementalist)  Turns: 1957, Time: 00:03:20

Health: -3/30      AC:  6    Str: 15    XL:     4   Next: 81%
Magic:  4/9        EV: 11    Int: 14    God:
Gold:   123        SH:  0    Dex: 14    Spells: 9/10 levels left

rFire   . . .        d - +0 war axe
rCold   . . .        (no shield)
rNeg    . . .        k - +0 ring mail
rPois   .            (helmet unavailable)
rElec   .            (no cloak)
rCorr   .            (no gloves)
SInv    +            j - +0 pair of boots
Will    .....        (no amulet)
Stlth   +            (no ring)
HPRegen 0.25/turn    (no ring)
MPRegen 0.11/turn

%: no passive effects
@: no status effects
A: permanent stasis, dig shafts and tunnels, antennae 3, four strong arms
a: Dig, Shaft Self


You were on level 3 of the Dungeon.
You visited 1 branch of the dungeon, and saw 3 of its levels.

You collected 123 gold pieces.

Inventory:

Hand Weapons
 d - a +0 war axe (weapon)
Armour
 j - a +0 pair of boots (worn)
 k - a +0 ring mail (worn)
Scrolls
 a - 2 scrolls of enchant armour {unknown}
 c - a scroll of noise {unknown}
 g - 3 scrolls of identify {unknown}
Potions
 b - 2 potions of magic
 e - a potion of berserk rage {unknown}
 f - a potion of attraction {unknown}
 h - a potion of degeneration {unknown}


   Skills:
 - Level 1.7 Dodging
 - Level 2.4 Stealth
 + Level 3.6 Spellcasting
 - Level 1.1 Transmutations
 + Level 5.1 Earth Magic


You had 9 spell levels left.
You knew the following spells:

 Your Spells              Type           Power      Damage    Failure   Level
a - Sandblast             Erth           32%        2d9       4%          1

Your spell library contained the following spells:

 Spells                   Type           Power      Damage    Failure   Level
 Passwall                 Tmut/Erth      9%         N/A       17%         2
 Stone Arrow              Conj/Erth      18%        3d8       38%         3
 Petrify                  Tmut/Erth      11%        N/A       73%         4
 Brom's Barrelling Bould  Conj/Erth      9%         2d3       80%         4


Dungeon Overview and Level Annotations

Branches:
Dungeon (3/15)

Altars:
Wu Jian

Annotations:
D:3 Ijyb


Innate Abilities, Weirdness & Mutations

You cannot be hasted, slowed, berserked, paralysed or teleported.
You can dig through walls and to a lower floor.
You have a pair of large antennae on your head. (SInv)
Your four strong arms can wield two-handed weapons with a shield.


Message History

Confirm with . or Enter, or press ? or * to list all spells.
Aiming: Sandblast (safe; 4% risk of failure)
Press: ? - help, Shift-Dir - straight line, f/p - Ijyb
Aim: Ijyb, wielding a +0 club, wearing a +2 scale mail of fire resistance and carrying a wand of quicksilver (lightly wounded, 80% to hit)
The blast of sand hits Ijyb but does no damage.
Ijyb is lightly wounded.
Ijyb hits you but does no damage.
Ijyb zaps a wand.
The bolt of dispelling energy misses you.
You hit Ijyb.
Ijyb is moderately wounded.
Ijyb closely misses you.
You barely miss Ijyb.
Ijyb is moderately wounded.
Ijyb screams, "No!
No, no, no, no!"
Ijyb hits you with a +0 club. Ijyb closely misses you.
You closely miss Ijyb.
Ijyb is moderately wounded.
Ijyb hits you with a +0 club.
Unknown command.
You closely miss Ijyb.
Ijyb is moderately wounded.
Ijyb zaps a wand.
The bolt of dispelling energy misses you.
Ijyb misses you.
You closely miss Ijyb.
Ijyb is moderately wounded.
Ijyb hits you with a +0 club.
You hit Ijyb.
Ijyb is moderately wounded.
Ijyb hits you with a +0 club. Ijyb hits you but does no damage.
Unknown command.
You slash Ijyb!
Ijyb is severely wounded.
Ijyb hits you with a +0 club.
You barely miss Ijyb.
Ijyb is severely wounded.
Ijyb hits you with a +0 club.
Ijyb zaps a wand.
The bolt of dispelling energy hits you!!
Ouch! That really hurt!
You die...

#.# ###########
#.####
#.........#
#....####.#####
#.#
#.............#
#.#
#....####.###.#
#.# ....##
#.###.###.#
....#
#.........#
.....
#####....###
....##
#....@..# ..###
#....g..# ..
#.......#
#......###
#.##...# #.
##..# #^ ...#
##.#


You could see Ijyb.

Vanquished Creatures
  An orc wizard (D:3)
  A gnoll (D:1)
  3 dart slugs
  3 orcs (D:3)
  4 bats
  3 endoplasms
  4 giant cockroaches (D:1)
  4 goblins
  5 hobgoblins
  2 quokkas
  3 ball pythons
  2 frilled lizards
  5 kobolds
  3 rats
43 creatures vanquished.

Notes
Turn   | Place    | Note
-------+----------+-------------------------------------------
     0 | D:1      | Descartes the Formicid Earth Elementalist began the quest
                  | for the Orb.
     0 | D:1      | Reached XP level 1. HP: 13/13 MP: 3/3
   192 | D:1      | Reached XP level 2. HP: 19/19 MP: 3/5
   222 | D:1      | Reached skill level 4 in Earth Magic
   661 | D:1      | Reached XP level 3. HP: 24/24 MP: 2/7
  1288 | D:2      | Reached XP level 4. HP: 30/30 MP: 4/8
  1571 | D:2      | Found an ornate altar of the Wu Jian Council.
  1832 | D:3      | Reached skill level 5 in Earth Magic
  1941 | D:3      | Noticed Ijyb
  1957 | D:3      | Killed from afar by Ijyb

Illustrated notes

Levels and vault maps discovered:
D:1:      minmay_arrival_stone_box, layout_basic
D:2:      layout_loops_ring, basic_altar
D:3:      layout_loops_corners, lemuel_round_altar, uniq_ijyb

Skill      XL: |  1  2  3  4 |
---------------+-------------+-----
Earth Magic    | 4 5 |  5.1
Spellcasting   | 3 |  3.6
Dodging        | |  1.7
Stealth        | |  2.4
Transmutations | |  1.1

Action                     |  1- 3 |  4- 6 || total
---------------------------+-------+-------++-------
  Melee: War axe           |       |     8 ||     8
   Cast: Sandblast         |    50 |    21 ||    71
 Armour: Robe              |     6 |       ||     6
         Leather armour    |     2 |     1 ||     3
         Ring mail         |       |    14 ||    14
  Dodge: Dodged            |     4 |     9 ||    13

Table legend: (Time is in decaauts)
 A = Elapsed time spent in this place.
 B = Non-inter-level travel time spent in this place.
 C = Inter-level travel time spent in this place.
 D = Time resting spent in this place.
 E = Time spent auto-exploring this place.
 F = Levels seen in this place.
 G = Mean time per level.
                   A        B        C        D        E       F      G
               +--------+--------+--------+--------+--------+-----+--------+
         Total |   1994 |   1848 |    146 |      0 |   1548 |   3 |  664.7 |
       Dungeon |   1994 |   1848 |    146 |      0 |   1548 |   3 |  664.7 |
               +--------+--------+--------+--------+--------+-----+--------+

Top non-repeatable levels by time:
     D:1: 1032 daAuts
     D:2: 746 daAuts
     D:3: 215 daAuts
